 Dungeon Crawl Stone Soup version 0.28-a0-957-g42eb19b844 (webtiles) character file.

Game seed: 9442533609045696179

207 bande the Covered (level 5, -2/33 HPs)
             Began as a Gargoyle Fighter on Dec 1, 2021.
             Slain by an orc (5 damage)
             ... on level 3 of the Dungeon.
             The game lasted 00:04:18 (2990 turns).

bande the Covered (Gargoyle Fighter)                Turns: 2990, Time: 00:04:18

Health: -2/33      AC: 12    Str: 19    XL:     5   Next: 85%
Magic:  5/5        EV:  9    Int:  9    God:
Gold:   82         SH:  9    Dex:  9    Spells: 4/4 levels left

rFire   . . .      SeeInvis .   a - +1 war axe
rCold   . . .      Faith    .   c - +0 buckler
rNeg    + . .      Spirit   .   b - +0 scale mail
rPois   ∞          Reflect  +   (helmet restricted)
rElec   +          Harm     .   m - +0 cloak
rCorr   .          Rampage  .   (no gloves)
Will    .....                   (no boots)
Stlth   ..........              g - amulet of reflection
HPRegen 0.11/turn               (no ring)
MPRegen 0.09/turn               (no ring)

@: no status effects
A: sickness immunity, AC +4, negative energy resistance 1, electricity
resistance, torment resistance 1, petrification resistance, horns 1, weak 1,
MP-powered wands
a: no special abilities


You were on level 3 of the Dungeon.
You visited 1 branch of the dungeon, and saw 3 of its levels.

You collected 82 gold pieces.

Inventory:

Hand Weapons
 a - a +1 war axe (weapon)
 l - a +0 flail
Missiles
 e - a throwing net (quivered)
Armour
 b - a +0 scale mail (worn)
 c - a +0 buckler (worn)
 m - a +0 cloak (worn)
Jewellery
 f - an amulet of faith
 g - an amulet of reflection (around neck)
 i - a ring of ice
 j - a ring of magical power
Scrolls
 q - a scroll of teleportation
Potions
 d - a potion of might
 h - a potion of curing
 k - a potion of degeneration {unknown}
 n - a potion of invisibility {unknown}
 o - a potion of cancellation {unknown}
 p - a potion of attraction {unknown}
 r - a potion of brilliance {unknown}


   Skills:
 + Level 4.1 Fighting
 + Level 3.9 Axes
 + Level 4.2 Armour
 - Level 0.2 Stealth
 + Level 4.0 Shields


You had 4 spell levels left.
You didn't know any spells.
Your spell library contained the following spells:

 Spells                   Type           Power      Damage    Failure   Level
 Foxfire                  Conj/Fire      0%         2x1d4     75%         1
 Magic Dart               Conj           0%         1d3       75%         1
 Summon Small Mammal      Summ           0%         N/A       75%         1
 Call Imp                 Summ           0%         N/A       87%         2
 Wereblood                Tmut           0%         N/A       87%         2
 Call Canine Familiar     Summ           0%         N/A       98%         3
 Conjure Flame            Conj/Fire      0%         6-21      98%         3
 Inner Flame              Hex/Fire       0%         N/A       98%         3
 Mephitic Cloud           Conj/Pois/Air  0%         N/A       98%         3
 Summon Guardian Golem    Hex/Summ       0%         N/A       98%         3
 Flame Wave               Conj/Fire      0%         2d4       100%        4
 Orb of Destruction       Conj           0%         N/A       100%        7
 Spellforged Servitor     Conj/Summ      0%         N/A       100%        7
 Summon Hydra             Summ           0%         N/A       100%        7
 Sublimation of Blood     Necr           Unusable   N/A       N/A         2

Dungeon Overview and Level Annotations

Branches:
Dungeon (3/15)

Altars:
Vehumet


Innate Abilities, Weirdness & Mutations

You are immune to sickness and miasma.
Your stone body is resilient. (AC +4)
You are immune to poison.
You resist negative energy. (rN+)
You are resistant to electric shocks. (rElec)
You are resistant to unholy torment.
You are immune to petrification.
You have a pair of small horns on your head.
You are weak. (Str -2)
You expend magic power (3 MP) to strengthen your wands.


Message History

You hit something but do no damage. Your headbutt misses something.
Something hits you but does no damage.
You hear some strange, mumbled words.
A magic dart appears from out of thin air!
The magic dart hits you!
You slash something! Your headbutt misses something. Something hits you.
You miss something.
You hear some strange, mumbled words.
A puff of flame appears from out of thin air!
The puff of flame hits you!
* * * LOW HITPOINT WARNING * * *
You miss something. Something hits you.
* * * LOW HITPOINT WARNING * * *
You block something's attack.
You completely miss something. Your headbutt misses something.
Something hits you but does no damage.
You closely miss something. Something hits you.
* * * LOW HITPOINT WARNING * * *
You miss something. Something hits you but does no damage.
You block something's attack.
You miss something. Something hits you but does no damage.
You miss something. Your headbutt misses something.
Something hits you but does no damage.
You miss something.
An orc wizard appears from thin air!
Reactivating autopickup.
The orc wizard hits you but does no damage.
The orc wizard gestures at you while chanting.
You resist with some effort.
You slash the orc wizard!
You kill the orc wizard!
The orc hits you but does no damage.
Your Shields skill increases to level 4!
You barely miss the orc. The orc hits you but does no damage.
You hit the orc.
The orc is heavily wounded.
You block the orc's attack.
You barely miss the orc.
The orc is heavily wounded.
You block the orc's attack. The orc hits you with a +0 mace.
You die...

#.#
#....#############
#.....)o@........#
##....###........#
#... #.........#
##. +.........# #
#.##.......###
#....#.....#
.##.......#
#.....##...#
####...###.#######


You could see an orc.

Vanquished Creatures
  A centaur (D:3)
  An orc wizard (D:3)
  4 gnolls (D:2)
  An adder (D:2)
  A worm (D:2)
  A dart slug (D:1)
  An orc (D:3)
  2 ball pythons
  10 endoplasms
  2 goblins
  2 hobgoblins
  A quokka (D:1)
  6 bats
  2 frilled lizards (D:1)
  6 kobolds
  A quokka zombie (D:3)
  6 rats
48 creatures vanquished.

Notes
Turn   | Place    | Note
-------+----------+-------------------------------------------
     0 | D:1      | bande the Gargoyle Fighter began the quest for the Orb.
     0 | D:1      | Reached XP level 1. HP: 14/14 MP: 1/1
   333 | D:1      | Reached XP level 2. HP: 19/19 MP: 2/2
   750 | D:1      | Reached XP level 3. HP: 18/23 MP: 3/3
   835 | D:1      | Found a faded altar of an unknown god.
  1272 | D:1      | Gained mutation: You are weak. (Str -2) [potion of
                  | mutation]
  1272 | D:1      | Gained mutation: You have a pair of small horns on your
                  | head. [potion of mutation]
  1272 | D:1      | Gained mutation: You expend magic power (3 MP) to
                  | strengthen your wands. [potion of mutation]
  1336 | D:2      | Found a radiant altar of Vehumet.
  1349 | D:2      | Reached XP level 4. HP: 23/29 MP: 4/4
  2122 | D:3      | Noticed a centaur
  2660 | D:3      | Killed a centaur
  2661 | D:3      | Reached XP level 5. HP: 28/33 MP: 5/5
  2982 | D:3      | HP: 1/33 [something (1)]
  2990 | D:3      | Slain by an orc

Illustrated notes

Levels and vault maps discovered:
D:1:      nzn_arrival_depleted_hourglass, layout_basic,
          hellmonk_ecumenical_altar_inner_sanctum
D:2:      layout_basic, basic_altar, eino_curves_02
D:3:      layout_basic, minitemple, grunt_ministairs_13

Skill      XL: |  1  2  3  4  5 |
---------------+----------------+-----
Axes           | 2 3 |  3.9
Fighting       | 4 |  4.1
Armour         | 4 |  4.2
Shields        | 4 |  4.0
Stealth        | |  0.2

Action                   |  1- 3 |  4- 6 || total
-------------------------+-------+-------++-------
Melee: War axe           |    64 |    81 ||   145
       Headbutt          |     2 |     8 ||    10
  Use: Scroll            |     2 |     3 ||     5
       Potion            |     1 |       ||     1
Armor: Scale mail        |    26 |    60 ||    86
Dodge: Dodged            |    22 |    22 ||    44
Block: Buckler           |    29 |    32 ||    61
       Reflection        |       |     1 ||     1

Table legend: (Time is in decaauts)
 A = Elapsed time spent in this place.
 B = Non-inter-level travel time spent in this place.
 C = Inter-level travel time spent in this place.
 D = Time resting spent in this place.
 E = Time spent auto-exploring this place.
 F = Levels seen in this place.
 G = Mean time per level.
                   A        B        C        D        E       F      G
               +--------+--------+--------+--------+--------+-----+--------+
         Total |   3045 |   3008 |     37 |    616 |   1837 |   3 | 1015.0 |
       Dungeon |   3045 |   3008 |     37 |    616 |   1837 |   3 | 1015.0 |
               +--------+--------+--------+--------+--------+-----+--------+

Top non-repeatable levels by time:
     D:2: 1351 daAuts
     D:1: 1328 daAuts
     D:3: 365 daAuts
